 Dungeon Crawl Stone Soup version 0.26-a0-964-g69f9a3b9e2 (webtiles) character file.

Game seed: 16457851411755549404

58 lunkers the Firebug (level 4, -23/36 HPs)
             Began as a Naga Fire Elementalist on Dec 2, 2020.
             Annihilated by an ogre
             ... wielding a +0 giant spiked club
              (28 damage)
             ... on level 3 of the Dungeon.
             The game lasted 00:03:30 (1908 turns).

lunkers the Firebug (Naga Fire Elementalist)        Turns: 1908, Time: 00:03:31

Health: -23/36     AC:  4    Str: 11    XL:     4   Next: 1%
Magic:  6/7        EV: 10    Int: 16    God:
Gold:   131        SH:  0    Dex: 11    Spells: 6/7 levels left

rFire    . . .     SeeInvis +   (no weapon)
rCold    . . .     Faith    .   (no shield)
rNeg     . . .     Spirit   .   a - +0 robe
rPois    +         Reflect  .   i - +0 helmet
rElec    .         Harm     .   g - +0 cloak
rCorr    +         Rampage  .   (no gloves)
MR       .....                  (no barding)
Stlth    ++........             (no amulet)
HPRegen  0.12/turn              l - ring of resist corrosion
MPRegen  0.10/turn              (no ring)

@: short of breath, very slow
A: large, see invisible, deformed body, poison resistance, slowness 2, spit
poison 1, AC +1
a: Spit Poison


You were on level 3 of the Dungeon.
You visited 1 branch of the dungeon, and saw 3 of its levels.

You collected 131 gold pieces.

Inventory:

Armour
 a - a +0 robe (worn)
 g - a +0 cloak (worn)
 i - a +0 helmet (worn)
Jewellery
 l - a ring of resist corrosion (left hand)
Scrolls
 b - a scroll of magic mapping {unknown}
 c - a scroll of remove curse {unknown}
 d - 5 scrolls of identify {unknown}
 e - 2 scrolls of random uselessness {unknown}
 f - a scroll of teleportation {unknown}
 h - 2 scrolls of enchant weapon {unknown}
 k - 2 scrolls of amnesia {unknown}
Potions
 j - 2 potions of resistance {unknown}
 m - a potion of mutation {unknown}
 n - a potion of might {unknown}


   Skills:
 - Level 1.5 Dodging
 - Level 3.0 Stealth
 + Level 2.4 Spellcasting
 * Level 2.3 Conjurations
 * Level 3.8 Fire Magic


You had 6 spell levels left.
You knew the following spells:

 Your Spells              Type           Power        Failure   Level
p - Foxfire               Conj/Fire      ##..         5%          1

Your spell library contained the following spells:

 Spells                   Type           Power        Failure   Level
 Conjure Flame            Conj/Fire      ##......     17%         3
 Inner Flame              Hex/Fire       #.......     26%         3
 Sticky Flame             Conj/Fire      ##......     50%         4
 Fireball                 Conj/Fire      ##........   83%         5


Dungeon Overview and Level Annotations

Branches:
Dungeon (3/15)

Altars:


Innate Abilities, Weirdness & Mutations

You cannot wear boots.
Your serpentine skin is tough. (AC +1)
You have supernaturally acute eyesight. (SInv)
Armour fits poorly on your strangely shaped body.
Your system is resistant to poisons. (rPois)
You cover ground very slowly.
You can spit poison.


Message History

An ogre is nearby!
An ogre is nearby!
Press: ? - help, Q - select action, (/) - cycle Shift-Dir - straight line, f - ogre
Aim: an ogre, wielding a +0 giant spiked club (asleep)
The splash of poison hits the ogre!
The ogre is moderately wounded.
The ogre shouts!
The ogre hits you with a +0 giant spiked club!!
Ouch! That really hurt!
* * * LOW HITPOINT WARNING * * *
Casting: Foxfire (safe; 5% risk of failure)
Confirm with . or Enter, or press ? or * to list all spells.
You conjure some foxfire!
The foxfire hits the ogre.
The ogre is heavily wounded.
The foxfire hits the ogre.
The ogre is heavily wounded.
The ogre hits you with a +0 giant spiked club!!
Ouch! That really hurt!
You die...

... #.. #.# #.#
#.########.
#.#........
###.###.#.#####.##
......ยง@O.....>...
......#.#.###.....
..... #.#<# ...
.... #.### . ###
#.. ###


You could see an ogre.

Vanquished Creatures
  2 adders (D:2)
  A worm (D:2)
  2 dart slugs
  2 bats (D:1)
  A giant cockroach (D:1)
  6 goblins
  6 hobgoblins
  6 kobolds
  A ball python (D:2)
  3 frilled lizards (D:1)
  A rat (D:2)
31 creatures vanquished.

Vanquished Creatures (others)
  64 foxfires
64 creatures vanquished.

Grand Total: 95 creatures vanquished

Notes
Turn   | Place    | Note
-------+----------+-------------------------------------------
     0 | D:1      | lunkers the Naga Fire Elementalist began the quest for the
                  | Orb.
     0 | D:1      | Reached XP level 1. HP: 15/15 MP: 3/3
   342 | D:1      | Reached XP level 2. HP: 22/22 MP: 1/5
   460 | D:1      | You fall into a shaft and drop 1 floor!
   710 | D:2      | Reached XP level 3. HP: 28/28 MP: 3/6
  1712 | D:2      | Reached XP level 4. HP: 36/36 MP: 4/7
  1903 | D:3      | Noticed an ogre
  1908 | D:3      | Annihilated by an ogre

Illustrated notes

Levels and vault maps discovered:
D:1:      matt_arrival_los_fun, layout_loops_ring
D:2:      layout_loops_ring
D:3:      layout_basic, minitemple, chequers_ecumenical_altar_simple_redux,
          tso_metal_star, uniq_jessica

Skill      XL: |  1  2  3 |
---------------+----------+-----
Conjurations   | 2 |  2.3
Dodging        | |  1.5
Stealth        | |  3.0
Spellcasting   | |  2.4
Fire Magic     | |  3.8

Action                   |  1- 3 |  4- 6 || total
-------------------------+-------+-------++-------
Melee: Unarmed           |     6 |       ||     6
 Cast: Foxfire           |    35 |     1 ||    36
 Abil: Spit Poison       |    23 |     1 ||    24
Armor: Robe              |     7 |       ||     7
Dodge: Dodged            |    37 |       ||    37

Table legend: (Time is in decaauts)
 A = Elapsed time spent in this place.
 B = Non-inter-level travel time spent in this place.
 C = Inter-level travel time spent in this place.
 D = Time resting spent in this place.
 E = Time spent auto-exploring this place.
 F = Levels seen in this place.
 G = Mean time per level.
                   A        B        C        D        E       F      G
               +--------+--------+--------+--------+--------+-----+--------+
         Total |   2362 |   2325 |     37 |     91 |   1929 |   3 |  787.3 |
       Dungeon |   2362 |   2325 |     37 |     91 |   1929 |   3 |  787.3 |
               +--------+--------+--------+--------+--------+-----+--------+

Top non-repeatable levels by time:
     D:1: 1276 daAuts
     D:2: 1076 daAuts
     D:3: 9 daAuts
